 Dungeon Crawl Stone Soup version 0.18.1-8-gdd0e5ea (webtiles) character file.

869455 RKaid the Invulnerable (level 27, -7/273 HPs)
             Began as a Minotaur Fighter on May 20, 2016.
             Was the Champion of Okawaru.
             Killed by divine providence
             ... invoked by a daeva
              (13 damage)
             ... in Pandemonium on May 21, 2016.
             The game lasted 06:40:29 (86461 turns).

RKaid the Invulnerable (Minotaur Fighter)          Turns: 86461, Time: 06:40:30

Health: -7/273     AC: 56    Str: 38    XL:     27
Magic:  44/44      EV: 24    Int:  5    God:    Okawaru [******]
Gold:   7698       SH:  0    Dex: 15    Spells: 0 memorised, 26 levels left

rFire  . . .     SeeInvis .     a - +9 executioner's axe (vamp) {!w}
rCold  + . .     Gourm    .     B - +9 crystal plate armour
rNeg   . . .     Faith    .     (shield currently unavailable)
rPois  +         Spirit   .     W - +2 hat
rElec  +         Dismiss  .     m - +2 cloak {rPois}
rCorr  +         Reflect  .     X - +2 pair of gloves {Str+3}
SustAt +         Harm     .     Z - +2 pair of boots {Fly}
MR     ++...                    V - amulet of Siocis {+Blink Regen+ MP+9 Stlth+}
Stlth  ..........               P - ring "Kergham" {SustAt Str+2 Slay+3}
                                S - ring "Goant" {rCorr rElec rC+ Str+4}

@: about to teleport, flying, glowing, very resistant to hostile enchantments,
extremely unstealthy
A: retaliatory headbutt, horns 2, yellow scales 1, screaming 1, subdued magic 1
a: Heroism, Finesse, Renounce Religion, Evoke Blink, Stop Flying
}: 5/15 runes: serpentine, barnacled, slimy, silver, abyssal


You were in Pandemonium.
You worshipped Okawaru.
Okawaru was exalted by your worship.
You were not hungry.

You visited 13 branches of the dungeon, and saw 61 of its levels.
You visited Pandemonium 2 times, and saw 8 of its levels.
You visited the Abyss 4 times.
You visited 2 bazaars.
You visited 1 ziggurat, and saw 11 of its levels.
You also visited: Ice Cave.

You collected 10227 gold pieces.
You spent 2529 gold pieces at shops.

Inventory:

Hand Weapons
 a - a +9 vampiric executioner's axe (weapon) {!w}
   (You subdued it on level 2 of the Elven Halls)
 b - the +8 frozen axe "Frostbite" {freezing cloud, *Noise +Fly rC+}
   (You found it on level 11 of a ziggurat)

   It has been specially enchanted to freeze those struck by it, causing extra
   injury to most foes and up to half again as much damage against particularly
   susceptible opponents.
   It can also slow down cold-blooded creatures.
   It protects you from cold.
   It lets you fly.
   It may make noises in combat.
 c - the +10 battleaxe of the Chain {antimagic, *Contam rF+++ MR+++ MP-9}
   (Okawaru gifted it to you on level 3 of the Pits of Slime)

   It disrupts the flow of magical energy around spellcasters and certain
   magical creatures (including the wielder).
   It renders you almost immune to fire.
   It affects your resistance to hostile enchantments.
   It affects your magic capacity (-9).
   It causes magical contamination when unequipped.
 q - the +8 mithril axe "Arga" {speed, MR+ Str+2}
   (Okawaru gifted it to you on level 1 of the Elven Halls)

   Attacks with this weapon are significantly faster.
   It affects your strength (+2).
   It affects your resistance to hostile enchantments.
 T - a cursed +4 executioner's axe of protection
   (You found it on level 5 of the Depths)
Armour
 i - the +1 cloak of Qofurgh {rC+}
   (You acquired it in Pandemonium)

   It protects you from cold.
 m - a +2 cloak of poison resistance (worn)
   (You acquired it on level 1 of the Lair of Beasts)
 B - a +9 crystal plate armour (worn)
   (Okawaru gifted it to you on level 15 of the Dungeon)
 M - the +2 shield of Resistance {rF+ rC+ MR+}
   (You acquired it on level 1 of the Lair of Beasts)

   It protects you from fire.
   It protects you from cold.
   It affects your resistance to hostile enchantments.
 W - a +2 hat (worn)
   (You took it off Gastronok on level 11 of the Dungeon)
 X - a +2 pair of gloves of strength (worn)
   (Okawaru gifted it to you on level 5 of the Depths)
 Z - a +2 pair of boots of flying (worn)
   (You found it on level 10 of a ziggurat)
Jewellery
 t - the ring of Nurean {AC+3 Dex+7}
   (You found it on level 3 of the Elven Halls)

   [ring of protection]

   It affects your AC (+3).
   It affects your dexterity (+7).
 y - the ring of Boxijaip {rPois rC+ rN+ Stlth-}
   (You took it off a deep elf demonologist on level 3 of the Elven Halls)

   [ring of protection from cold]

   It protects you from cold.
   It protects you from poison.
   It protects you from negative energy.
   It makes you less stealthy.
 G - a +5 amulet of reflection
   (You bought it in a shop on level 5 of the Dungeon)
 H - the ring of Wirel {rF++ rC- MP+9 Dex+7}
   (You found it on level 10 of a ziggurat)

   [ring of magical power]

   It affects your dexterity (+7).
   It greatly protects you from fire.
   It makes you vulnerable to cold.
   It affects your magic capacity (+9).
 P - the ring "Kergham" (right hand) {SustAt Str+2 Slay+3}
   (You took it off a deep elf elementalist on level 5 of the Vaults)

   [ring of sustain attributes]

   It sustains your strength, intelligence and dexterity.
   It affects your strength (+2).
   It affects your accuracy and damage with ranged weapons and melee attacks
   (+3).
 Q - an uncursed ring of see invisible {sInv, !d}
   (You found it on level 9 of a ziggurat)
 S - the ring "Goant" (left hand) {rCorr rElec rC+ Str+4}
   (You took it off a fire giant on level 5 of the Vaults)

   [ring of resist corrosion]

   It affects your strength (+4).
   It protects you from cold.
   It insulates you from electricity.
 V - the amulet of Siocis (around neck) {+Blink Regen+ MP+9 Stlth+}
   (You took it off a deep elf death mage on level 3 of the Elven Halls)

   [amulet of regeneration]

   It affects your magic capacity (+9).
   It lets you blink.
   It increases your rate of regeneration.
   It makes you more stealthy.
Wands
 u - a wand of acid (3/15)
   (You acquired it on level 1 of a ziggurat)
 x - a wand of disintegration (9/24)
   (You found it on level 3 of the Lair of Beasts)
 L - a wand of iceblast (0/15)
   (You found it on level 10 of the Dungeon)
 Y - a wand of teleportation (9/9)
   (You bought it in a shop in a bazaar)
Scrolls
 g - 3 scrolls of summoning
 k - 9 scrolls of fear
 l - 35 scrolls of remove curse
 n - 15 scrolls of teleportation
 p - 13 scrolls of magic mapping {!r}
 v - 10 scrolls of identify
 C - 14 scrolls of recharging
 F - 3 scrolls of holy word {!r}
 N - 2 scrolls of blinking {!r}
 O - 4 scrolls of silence
 U - 17 scrolls of fog
Potions
 d - 7 potions of might
 e - 4 potions of ambrosia
 h - 6 potions of invisibility
 j - 5 potions of agility
 o - a potion of berserk rage {!q}
 r - 6 potions of resistance
 s - 10 potions of curing
 z - 3 potions of haste
 A - 5 potions of cancellation
 D - a potion of cure mutation {!q}
 K - 2 potions of magic
Miscellaneous
 R - 3 phantom mirrors
Comestibles
 f - 8 bread rations
 I - 33 meat rations


   Skills:
 O Level 27 Fighting
 O Level 27 Axes
 - Level 17.0 Throwing
 O Level 27 Armour
 O Level 27 Dodging
 - Level 16.1 Shields
 - Level 17.3 Invocations
 + Level 18.1 Evocations


You had 26 spell levels left.
You didn't know any spells.

Dungeon Overview and Level Annotations

Branches:
Dungeon (15/15)            Temple (1/1) D:5            Lair (8/8) D:11
 Shoals (4/4) Lair:5        Snake (4/4) Lair:3        Slime (6/6) Lair:6
    Orc (2/2) D:9             Elf (3/3) Orc:2        Vaults (5/5) D:13
  Crypt (0/3) Vaults:3     Depths (5/5) D:15           Hell (1/1)
    Dis (0/7) Hell            Geh (2/7) Hell            Coc (0/7) Hell
    Tar (0/7) Hell            Zot (5/5) Depths:5

Altars:
Ashenzari
Cheibriados
Dithmenos
Elyvilon
Fedhas
Gozag
Kikubaaqudgha
Makhleb
Nemelex Xobeh
Okawaru
Pakellas
Qazlal
Ru
Sif Muna
Trog
Vehumet
Xom
Yredelemnul
Zin
The Shining One
Beogh
Jiyva

Shops:
D:4 [   D:5 *   D:6 *   D:9 (   D:13 (   Orc:1 [   Orc:2 [[}   Elf:1 =
Elf:3 %   Snake:1 %   Vaults:2 (   Depths:3 (

Portals:
Hell: Depths:1 Depths:2 Depths:3 Depths:4 Depths:5
Abyss: Depths:1 Depths:2 Depths:4 Depths:5
Pandemonium: Depths:3 Depths:4

Annotations:
Lair:5 1 exclusion
Zot:5 3 exclusions


Innate Abilities, Weirdness & Mutations

You reflexively headbutt those who attack you in melee.
You have a pair of horns on your head.
You are partially covered in yellow scales (AC +2).
You occasionally shout uncontrollably at your foes.
Your spells are a little easier to cast, but a little less powerful.


Message History

The daeva calls down the wrath of Zin upon you.
Zin smites you!
An apis comes into view.
There is an open door here.
A daeva comes into view.
It is wielding an eudemon blade of holy wrath.
You shout at the daeva!
You hear a shout!
The daeva calls down the wrath of Zin upon you.
Zin smites you!
Press: ? - help, v - describe, . - travel
Here: a daeva, wielding a scimitar of holy wrath and wearing a large shield (haloed)
The floor.
The daeva calls down the wrath of Zin upon you.
Zin smites you!
The daeva calls down the wrath of Zin upon you.
Zin smites you!
There is an open door here.
The daeva calls down the wrath of Zin upon you.
Zin smites you!
The daeva calls down the wrath of Zin upon you.
Zin smites you!
The daeva calls down the wrath of Zin upon you.
Zin smites you!
The daeva calls down the wrath of Zin upon you.
Zin smites you!
You slice the apis like a ripe choko!!! You headbutt the apis.
The daeva calls down the wrath of Zin upon you.
Zin smites you! The apis gores you.
A daeva comes into view.
It is wielding a scimitar of holy wrath.
The daeva shouts!
You chop the apis into pieces!!!!
You feel better.
Your headbutt misses the apis.
The daeva calls down the wrath of Zin upon you.
Zin smites you!
You slash the apis!
You feel better.
You kill the apis!
Okawaru accepts your kill. x2
The daeva calls down the wrath of Zin upon you.
Zin smites you!
You slice the daeva!! The daeva blocks your attack.
You slash the daeva! The daeva hits you but does no damage.
The daeva misses you.
You slice the daeva like a ripe choko!!!
Your headbutt misses the daeva. You slash the daeva!
You hear a shout!
The daeva calls down the wrath of Zin upon you.
Zin smites you!
The daeva calls down the wrath of Zin upon you.
Zin smites you! The daeva hits you but does no damage.
The daeva hits you with a long sword of holy wrath.
You hit the daeva but do no damage. The daeva blocks your attack.
The daeva calls down the wrath of Zin upon you.
Zin smites you! The daeva closely misses you. You furiously retaliate!
You headbutt the daeva! The daeva hits you but does no damage.
The daeva calls down the wrath of Zin upon you.
Zin smites you!
The daeva calls down the wrath of Zin upon you.
Zin smites you! The daeva blocks your attack. The daeva blocks your attack.
Your headbutt misses the daeva. You hit the daeva but do no damage.
The daeva blocks your attack.
The daeva calls down the wrath of Zin upon you.
Zin smites you!
The daeva calls down the wrath of Zin upon you.
Zin smites you!
* * * LOW HITPOINT WARNING * * *
The daeva calls down the wrath of Zin upon you.
Zin smites you!
* * * LOW HITPOINT WARNING * * *
The daeva completely misses you. You furiously retaliate!
You headbutt the daeva, but do no damage.
The daeva completely misses you.
Read which item? (? for menu, Esc to quit)
As you read the scroll of teleportation, it crumbles to dust.
You feel strangely unstable.
The daeva calls down the wrath of Zin upon you.
Zin smites you!
* * * LOW HITPOINT WARNING * * *
The daeva calls down the wrath of Zin upon you.
Zin smites you!
* * * LOW HITPOINT WARNING * * *
The daeva calls down the wrath of Zin upon you.
Zin smites you!
* * * LOW HITPOINT WARNING * * *
A daeva comes into view.
It is wielding an eudemon blade of holy wrath.
The daeva completely misses you. You furiously retaliate!
You headbutt the daeva! The daeva hits you but does no damage.
The daeva calls down the wrath of Zin upon you.
Zin smites you!
* * * LOW HITPOINT WARNING * * *
Drink which item? (? for menu, Esc to quit)
You feel better. The daeva misses you. The daeva hits you but does no damage.
The daeva calls down the wrath of Zin upon you.
Zin smites you!
* * * LOW HITPOINT WARNING * * *
The daeva calls down the wrath of Zin upon you.
Zin smites you!
* * * LOW HITPOINT WARNING * * *
The daeva calls down the wrath of Zin upon you.
Zin smites you!
You die...

##### #####.... # ##.......
#.. .....#... ....
........##############.....
#.....#.#.#.#)#.#A#..A....A
#......')....).@A'A#
##...#.#.#.#.#.#.#..A.....
##......##############.....
.....#........# ....
...........##.# #..
............# #
......####....# ######
..... ....


You could see 5 daevas.

Vanquished Creatures
  4 pandemonium lords
  the Royal Jelly (Slime:6)
  The ghost of Delarado the Conqueror, a legendary MiGl of Makhleb (Zig:10)
  An orb of fire (Zot:3)
  3 ancient liches
  A juggernaut (Depths:4)
  Mennas (Depths:5)
  Frederick (Vaults:2)
  Saint Roka (Vaults:1)
  Margery (Depths:5)
  Geryon (Hell)
  A caustic shrike (Depths:4)
  A curse toe (Zot:2)
  A profane servitor (Abyss:3)
  4 bone dragons
  15 golden dragons
  2 iron giants (Depths:4)
  An electric golem (Zot:2)
  3 Brimstone Fiends (Pan)
  22 tentacled monstrosities
  An Ice Fiend (Pan)
  2 hellephants
  Rupert (Lair:5)
  3 Hell Sentinels
  5 titans
  11 liches
  3 deep elf master archers
  2 quicksilver dragons (Depths:4)
  Murray (Hell)
  16 acid blobs
  21 tentacled starspawn
  9 Executioners (Pan)
  8 death cobs
  Gastronok (D:11)
  10 shadow dragons
  10 storm dragons
  8 sphinxes
  13 tengu reavers
  Kirke (D:15)
  12 azure jellies
  Ilsuiw (Shoals:4)
  12 greater nagas
  2 daevas (Pan)
  21 draconian monks
  A corrupter (Pan)
  Maud (Lair:8)
  14 balrugs
  15 fire giants
  Wiglaf (Snake:3)
  An iron dragon (Vaults:5)
  An orc warlord (Orc:2)
  4 draconian knights
  16 vault wardens
  13 frost giants
  2 draconian scorchers
  4 black suns
  Aizul (Shoals:2)
  A curse skull (Depths:3)
  An iron dragon (shapeshifter) (Depths:2)
  10 chaos champions (Pan)
  9 deep elf sorcerers
  A juggernaut zombie (Hell)
  4 cacodemons
  6 deep elf elementalists
  7 draconian zealots
  A draconian shifter (Zot:2)
  9 draconian annihilators
  6 warmongers (Pan)
  18 ironheart preservers
  An angel (Abyss:3)
  4 spriggan defenders
  6 war gargoyles
  10 reapers
  29 stone giants
  6 draconian callers
  38 very ugly things
  6 vampire knights
  3 ophanim (Abyss:3)
  7 deep elf demonologists (Elf:3)
  3 salamander stormcallers
  2 apis (Pan)
  3 blood saints (Pan)
  The ghost of vuolankoinen the Stickfighter, a journeyman HuWn of Ashenzari (Lair:3)
  10 green draconians
  15 black draconians
  14 red draconians
  11 mottled draconians
  18 purple draconians
  2 lorocyprocas
  A dire elephant (Zig:10)
  9 spark wasps
  10 yellow draconians
  12 white draconians
  13 deep elf annihilators
  16 ettins
  8 merfolk impalers
  2 crystal guardians
  8 deep elf death magi
  6 blizzard demons
  An eidolon (Abyss:3)
  Snorg (D:10)
  29 vault guards
  Josephine (Lair:8)
  6 death oozes (Slime:6)
  4 green deaths
  6 merfolk javelineers
  18 great orbs of eyes
  19 yaktaur captains
  A kraken zombie (Hell)
  30 fire dragons
  10 rakshasas
  6 deep elf high priests
  A great orb of eyes (shapeshifter) (Vaults:1)
  A hydra (shapeshifter) (Vaults:5)
  22 ice dragons
  5 hell beasts (Pan)
  Fannar (Lair:1)
  8 naga warriors
  4 monstrous demonspawn (Pan)
  4 entropy weavers
  Harold (D:10)
  A ghost crab (shapeshifter) (Zig:6)
  16 centaur warriors
  9 hydras
  6 alligator snapping turtles
  6 death knights
  8 merfolk aquamancers
  3 merfolk avatars
  10 anacondas
  9 spriggan air magi
  3 catoblepae
  An anaconda (shapeshifter) (Vaults:2)
  8 death yaks
  16 deep troll shamans
  3 satyrs
  13 deep troll earth magi
  14 ogre magi
  A queen ant (Lair:1)
  4 orc high priests (Orc:2)
  2 vampire magi (Depths:1)
  8 tengu warriors
  11 hell hogs
  Urug (Lair:4)
  28 dancing weapons
  3 titan zombies
  2 shock serpents (shapeshifter)
  13 naga sharpshooters
  24 thrashing horrors
  8 spriggan berserkers
  23 wretched stars
  Nergalle (Lair:5)
  28 hell knights
  5 shock serpents
  17 deep elf knights
  30 sun demons
  2 iron golems (Hell)
  Sonja (D:10)
  21 soul eaters
  2 fire crabs (shapeshifter)
  2 skeletal warriors (D:14)
  3 fire crabs
  8 salamander mystics
  2 cherubim (Abyss:3)
  3 iron trolls
  4 death drakes (Depths:5)
  5 shadow demons (Pan)
  4 unseen horrors
  A swamp dragon (shapeshifter) (Vaults:5)
  45 deep trolls
  A storm dragon skeleton (Geh:2)
  6 spatial maelstroms
  5 gelid demonspawn (Pan)
  9 infernal demonspawn
  6 naga ritualists
  2 anaconda zombies (Hell)
  86 starcursed masses
  4 putrid demonspawn (Pan)
  11 giant orange brains
  6 ironbrand convokers
  8 sea snakes
  A tengu zombie (Vaults:5)
  4 flayed ghosts
  19 necromancers
  8 phantasmal warriors
  20 deep elf archers
  A lindwurm (Depths:5)
  8 hill giants
  2 golden dragon skeletons
  14 orc knights
  A torturous demonspawn (Pan)
  15 harpies
  9 mana vipers
  An orb spider (Abyss:1)
  4 wizards
  A mana viper (shapeshifter) (Vaults:1)
  An orange crystal statue (Zig:3)
  An anubis guard (shapeshifter) (Depths:4)
  4 shining eyes
  2 harpies (shapeshifter)
  4 oklob plants (Lair:8)
  12 griffons
  5 orc sorcerers
  A sphinx zombie (Hell)
  6 cyclopes
  31 fauns
  6 fire giant zombies
  2 tengu skeletons
  A hornet (shapeshifter) (Vaults:2)
  2 hornets
  4 wolf spiders
  14 manticores
  A frost giant zombie (Hell)
  3 shadow dragon skeletons
  A stone giant zombie (Abyss:3)
  An octopode (shapeshifter) (Vaults:2)
  2 salamanders (shapeshifter)
  16 sirens
  13 sixfirhies
  A faun (shapeshifter) (Vaults:3)
  2 wolf spiders (shapeshifter)
  19 moths of wrath
  21 salamanders
  44 ugly things
  7 elephants
  A moth of wrath (shapeshifter) (Depths:4)
  58 deep elf magi
  6 worldbinders (Abyss:3)
  12 guardian serpents
  A frost giant skeleton (Depths:2)
  A fire giant skeleton (Depths:2)
  47 black mambas
  A water nymph (shapeshifter) (Depths:2)
  16 naga magi
  14 vault sentinels
  An eye of devastation (Abyss:3)
  An eye of devastation (shapeshifter) (Vaults:2)
  4 water nymphs
  A salamander skeleton (Vaults:5)
  14 spiny frogs
  9 rust devils
  2 ice statues
  35 smoke demons
  9 apocalypse crabs
  15 orange demons
  3 torpor snails
  A storm dragon simulacrum (Vaults:1)
  9 gargoyles
  6 hellions
  A spriggan zombie (Depths:1)
  52 yaktaurs
  11 freezing wraiths
  13 komodo dragons
  An elf skeleton (Vaults:5)
  A komodo dragon (shapeshifter) (Depths:2)
  6 kobold demonologists
  5 demonic crawlers (Pan)
  10 tormentors
  11 hellwings
  A catoblepas skeleton (Geh:2)
  3 rime drakes
  A spectral tengu (Zig:3)
  10 efreet
  16 ancient zymes
  3 ice devils
  2 hydra zombies (Hell)
  A jumping spider (Depths:4)
  3 trolls (shapeshifter)
  27 red devils
  A queen bee (shapeshifter) (Vaults:3)
  A silent spectre (Abyss:3)
  A jumping spider (shapeshifter) (Zig:5)
  18 polar bears (IceCv)
  8 tengu conjurers
  A queen bee (D:15)
  22 raiju
  A blink frog (shapeshifter) (Zig:4)
  9 trolls
  26 two-headed ogres
  16 blink frogs
  34 merfolk
  5 wind drakes (Depths:5)
  A hornet zombie (D:14)
  102 slime creatures
  A human simulacrum (Vaults:5)
  13 boulder beetles
  2 ice dragon zombies
  A raiju (shapeshifter) (Depths:3)
  A fire dragon zombie (Hell)
  12 snapping turtles
  A stone giant simulacrum (Vaults:2)
  2 ettin zombies (Hell)
  4 shadows
  An alligator skeleton (Hell)
  A black mamba zombie (Abyss:1)
  23 flying skulls
  An ice dragon skeleton (Hell)
  4 spriggans (Depths:3)
  2 vampires (Abyss:3)
  30 ynoxinuls
  A tarantella (shapeshifter) (Elf:2)
  18 water elementals
  9 redbacks
  A salamander simulacrum (Vaults:3)
  15 air elementals
  4 hogs
  A human (D:8)
  A basilisk (shapeshifter) (Vaults:3)
  23 chaos spawn
  9 wraiths
  67 yaks
  7 wyverns
  13 fire elementals
  3 hungry ghosts
  7 fire bats (Abyss:3)
  2 steam dragons
  10 hippogriffs
  4 basilisks
  11 neqoxecs
  65 large abominations
  12 golden eyes
  Grum (D:11)
  10 vampire mosquitoes
  A harpy simulacrum (Abyss:5)
  A swamp worm (shapeshifter) (Vaults:2)
  55 nagas
  10 wargs
  9 insubstantial wisps (Abyss:3)
  A spiny frog zombie (Hell)
  10 spatial vortices
  28 water moccasins
  22 soldier ants
  8 hell hounds
  2 giant eyeballs (Depths:4)
  3 swamp drakes (Depths:5)
  63 orc warriors
  10 porcupines
  4 phantoms
  15 wasps
  5 ice beasts
  6 sky beasts
  A necrophage (D:8)
  An orc zombie (Vaults:1)
  An ice beast (shapeshifter) (Vaults:4)
  55 ogres
  6 eyes of draining
  A black bear (Lair:1)
  17 centaurs
  A fire dragon simulacrum (Depths:1)
  34 wolves
  15 boggarts
  A snapping turtle skeleton (Abyss:3)
  15 crocodiles
  A crocodile (shapeshifter) (Depths:2)
  6 big kobolds
  A giant frog (shapeshifter) (D:13)
  2 human zombies (Vaults:1)
  2 yaktaur zombies
  20 giant frogs
  49 small abominations
  A spiny frog simulacrum (Abyss:3)
  A wyvern zombie (D:13)
  2 earth elementals (Elf:3)
  2 wyvern skeletons
  4 scorpions (Elf:3)
  31 killer bees
  21 wights
  2 howler monkeys
  4 electric eels
  12 crimson imps
  3 centaur zombies
  3 quasits
  7 hounds
  2 iron imps
  13 jellies
  5 centaur skeletons
  21 orc wizards
  3 giant frog skeletons
  36 orc priests
  Jessica (D:12)
  12 iguanas
  31 worker ants
  A sheep (shapeshifter) (Depths:2)
  38 sheep
  3 hound skeletons
  2 worker ant zombies
  20 adders
  11 gnolls
  30 river rats
  5 shadow imps
  5 white imps
  9 ufetubi (Abyss:3)
  2 oozes
  An adder zombie (D:5)
  An adder skeleton (D:5)
  A worm (shapeshifter) (Vaults:5)
  3 worms (D:2)
  2 dart slugs (D:1)
  6 giant geckos
  135 orcs
  9 bats
  8 giant cockroaches
  12 goblins
  6 hobgoblins
  10 jackals
  21 kobolds
  4 quokkas
  A ball python (D:1)
  A giant gecko skeleton (D:8)
  2 giant newts
  6 rats
  6 fungi
  2 lurking horrors (Abyss:3)
  20 plants
  21 starspawn tentacles
  2 starspawn tentacle segments (Abyss:3)
  A tentacle (Hell)
3947 creatures vanquished.

Vanquished Creatures (others)
  A draconian knight (Depths:5)
  A draconian zealot (Zot:1)
  2 draconian scorchers
  A deep elf elementalist (Elf:3)
  A blood saint (Pan)
  A vampire knight (Depths:2)
  A merfolk javelineer (Shoals:4)
  4 yaktaur captains
  A rakshasa (Depths:3)
  4 satyrs
  5 centaur warriors
  A thrashing horror (Abyss:3)
  2 naga sharpshooters (Snake:4)
  A deep elf knight (Vaults:2)
  A sea snake (Shoals:3)
  7 deep elf archers
  An orc knight (Vaults:5)
  3 cyclopes
  A manticore (Elf:3)
  A faun (Shoals:3)
  A salamander (Depths:4)
  A smoke demon (Abyss:3)
  A komodo dragon (Zig:10)
  17 yaktaurs
  A tengu conjurer (D:15)
  A slime creature (Slime:6)
  2 small abominations (Abyss:3)
  A redback (Depths:4)
  A large abomination (Abyss:3)
  2 water elementals
  A human (D:15)
  2 boggarts
  An ogre (Vaults:4)
  4 centaurs
  3 wolves (IceCv)
  An iguana (shapeshifter) (Depths:4)
  An adder (Lair:8)
  An orc (Orc:2)
  A kobold (D:11)
  26 fungi
  6 lost souls (Hell)
  2 lurking horrors (Abyss:3)
  27 plants
  55 starspawn tentacles
  463 starspawn tentacle segments
  4 tentacles (Hell)
  255 tentacle segments (Hell)
  4 toadstools (D:1)
925 creatures vanquished.

Grand Total: 4872 creatures vanquished

Notes
Turn   | Place    | Note
--------------------------------------------------------------
     0 | D:1      | RKaid the Minotaur Fighter began the quest for the Orb.
     0 | D:1      | Reached XP level 1. HP: 19/19 MP: 0/0
    63 | D:1      | Reached skill level 3 in Axes
   239 | D:1      | Reached XP level 2. HP: 26/26 MP: 1/1
   394 | D:1      | Reached skill level 4 in Axes
   606 | D:1      | Reached XP level 3. HP: 31/31 MP: 2/2
   869 | D:1      | Reached skill level 5 in Axes
   872 | D:1      | HP: 7/31 [poisoned by an adder]
   880 | D:1      | HP: 6/31 [poisoned by an adder]
  1198 | D:1      | Reached XP level 4. HP: 11/39 MP: 3/3
  1199 | D:1      | HP: 4/39 [gnoll/flail (8)]
  1204 | D:1      | HP: 3/58 [poisoned by an adder]
  1209 | D:1      | HP: 2/39 [poisoned by an adder]
  1664 | D:2      | Reached skill level 6 in Axes
  1697 | D:2      | Found a burning altar of Makhleb.
  2105 | D:2      | Reached XP level 5. HP: 44/45 MP: 4/4
  2428 | D:3      | Reached skill level 7 in Axes
  2644 | D:3      | Noticed an ogre
  2655 | D:3      | Killed an ogre
  2655 | D:3      | Reached XP level 6. HP: 21/51 MP: 5/5
  2973 | D:4      | Found Optughir's Antique Armour Emporium.
  2986 | D:4      | Bought a pair of embroidered gloves for 94 gold pieces
  3113 | D:4      | Reached skill level 8 in Axes
  3643 | D:5      | Entered Level 5 of the Dungeon
  3678 | D:5      | Found a shattered altar of Ashenzari.
  3853 | D:5      | Found a staircase to the Ecumenical Temple.
  3860 | D:5      | Noticed a sky beast
  3869 | D:5      | Reached skill level 9 in Axes
  3875 | D:5      | Killed a sky beast
  3875 | D:5      | Reached XP level 7. HP: 14/57 MP: 6/6
  3887 | Temple   | Entered the Ecumenical Temple
  4226 | D:5      | Found Beffizuc's Assorted Antiques.
  4234 | D:5      | Bought a small cameo amulet for 125 gold pieces
  4448 | D:5      | Reached skill level 10 in Axes
  4820 | D:6      | Found Kymoasagg's Assorted Antiques.
  4832 | D:6      | Bought a scroll labeled MUMOIC MIUCUPN for 24 gold pieces
  4832 | D:6      | Bought a bubbling sapphire potion for 21 gold pieces
  4915 | D:6      | Reached skill level 11 in Axes
  4974 | D:6      | Reached XP level 8. HP: 45/64 MP: 7/7
  5091 | D:6      | Reached skill level 4 in Fighting
  5091 | D:6      | Reached skill level 4 in Armour
  5091 | D:6      | Reached skill level 4 in Shields
  5633 | D:7      | Upgraded the game from 0.18.1-6-gd335043 to 0.18.1-8-gdd0e5ea
  5701 | D:7      | Reached skill level 5 in Fighting
  5744 | D:7      | Found a basalt altar of Yredelemnul.
  5746 | D:7      | Noticed a profane servitor
  5761 | D:7      | Found a glowing golden altar of the Shining One.
  5763 | D:7      | Noticed an angel
  5772 | D:7      | Reached skill level 5 in Armour
  5772 | D:7      | Reached skill level 5 in Shields
  5817 | D:7      | Found a white marble altar of Elyvilon.
  5847 | D:7      | Found a deep blue altar of Sif Muna.
  5849 | D:7      | Found a snail-covered altar of Cheibriados.
  6014 | D:7      | Found a burning altar of Makhleb.
  6023 | D:7      | Noticed a green death
  6243 | D:7      | Reached skill level 6 in Fighting
  6243 | D:7      | Reached skill level 6 in Armour
  6287 | D:7      | Reached skill level 6 in Shields
  6485 | D:8      | Found a stormy altar of Qazlal.
  6485 | D:8      | Found an opulent altar of Gozag.
  6491 | D:8      | Reached XP level 9. HP: 75/75 MP: 8/8
  6711 | D:8      | Reached skill level 7 in Fighting
  6711 | D:8      | Reached skill level 7 in Armour
  6896 | D:8      | Found a shadowy altar of Dithmenos.
  6938 | D:8      | Reached skill level 8 in Armour
  7154 | D:8      | Reached skill level 8 in Fighting
  7303 | D:8      | Found a shattered altar of Ashenzari.
  7684 | D:9      | Reached skill level 9 in Armour
  7695 | D:9      | Reached skill level 9 in Fighting
  7717 | D:9      | Found an oddly glowing altar of Pakellas.
  7731 | D:9      | Found an iron altar of Okawaru.
  7738 | D:9      | Became a worshipper of Warmaster Okawaru
  7830 | D:9      | Reached XP level 10. HP: 78/91 MP: 2/9
  7860 | D:9      | Found a staircase to the Orcish Mines.
  8079 | D:9      | Found Intemm's Weapon Shop.
  8185 | D:9      | Reached * piety under Okawaru
  8243 | Orc:1    | Entered Level 1 of the Orcish Mines
  8464 | Orc:2    | Entered Level 2 of the Orcish Mines
  8467 | Orc:2    | Reached skill level 10 in Armour
  8499 | Orc:2    | Reached skill level 10 in Fighting
  8557 | Orc:2    | Reached skill level 1 in Dodging
  8570 | Orc:2    | Reached skill level 2 in Dodging
  8622 | Orc:1    | Found Ulism's Antique Armour Shoppe.
  8643 | Orc:1    | Reached ** piety under Okawaru
  8654 | Orc:1    | Found a bloodstained altar of Trog.
  8788 | Orc:2    | Reached skill level 3 in Dodging
  8886 | Orc:2    | Reached skill level 12 in Axes
  9035 | Orc:2    | Reached skill level 4 in Dodging
  9261 | Orc:2    | Reached skill level 5 in Dodging
  9262 | Orc:2    | Reached *** piety under Okawaru
  9775 | Orc:2    | Reached XP level 11. HP: 92/99 MP: 10/10
  9848 | Orc:2    | Found a staircase to the Elven Halls.
  9891 | Orc:2    | Noticed an orc sorcerer
  9891 | Orc:2    | Noticed an orc sorcerer
  9892 | Orc:2    | Noticed a sun demon
  9904 | Orc:2    | Killed an orc sorcerer
  9904 | Orc:2    | Reached skill level 6 in Dodging
  9912 | Orc:2    | Killed an orc sorcerer
  9912 | Orc:2    | Reached **** piety under Okawaru
  9912 | Orc:2    | Reached skill level 13 in Axes
  9947 | Orc:2    | Identified the Grimoire of the Glacier and Transformation
 10272 | Orc:2    | Found Uxza Iro's Armour Emporium.
 10272 | Orc:2    | Noticed an orc knight
 10285 | Orc:2    | Killed an orc knight
 10285 | Orc:2    | Reached skill level 7 in Dodging
 10352 | Orc:2    | Found a roughly hewn altar of Beogh.
 10374 | Orc:2    | Noticed an orc sorcerer
 10374 | Orc:2    | Noticed an orc knight
 10379 | Orc:2    | Killed an orc sorcerer
 10389 | Orc:2    | Killed an orc knight
 10389 | Orc:2    | Reached ***** piety under Okawaru
 10446 | Orc:2    | Found Delef's Antique Armour Shoppe.
 10446 | Orc:2    | Noticed an orc knight
 10459 | Orc:2    | Killed an orc knight
 10459 | Orc:2    | Reached skill level 14 in Axes
 10459 | Orc:2    | Reached skill level 8 in Dodging
 10657 | Orc:2    | Noticed an orc high priest
 10661 | Orc:2    | Found Oplac's Book Shop.
 10664 | Orc:2    | Killed an orc high priest
 10664 | Orc:2    | Received a gift from Okawaru
 10671 | Orc:2    | Got a pair of fine boots {god gift}
 10858 | Orc:2    | Identified the -1 pair of boots "Peegga" {SInv} (Okawaru gifted it to you on level 2 of the Orcish Mines)
 10918 | Orc:2    | Noticed an orc warlord
 10938 | Orc:2    | Killed an orc warlord
 10938 | Orc:2    | Reached skill level 9 in Dodging
 10938 | Orc:2    | Reached skill level 1 in Invocations
 10941 | Orc:2    | Reached skill level 2 in Invocations
 11224 | Orc:2    | Found a roughly hewn altar of Beogh.
 11261 | Orc:2    | Noticed an orc high priest
 11266 | Orc:2    | Noticed a soul eater
 11267 | Orc:2    | Reached XP level 12. HP: 97/106 MP: 12/12
 11275 | Orc:2    | Killed an orc high priest
 11423 | Orc:2    | Noticed an orc high priest
 11427 | Orc:2    | Reached skill level 3 in Invocations
 11443 | Orc:2    | Killed an orc high priest
 11450 | Orc:2    | HP: 26/106 [poisoned by an orange demon]
 11458 | Orc:2    | HP: 25/106 [poisoned by an orange demon]
 11466 | Orc:2    | HP: 25/106 [poisoned by an orange demon]
 11792 | Orc:2    | Found Bomodgh's Gadget Boutique.
 11798 | Orc:2    | Noticed an orc high priest
 11804 | Orc:2    | Killed an orc high priest
 11804 | Orc:2    | Reached skill level 15 in Axes
 12149 | Orc:1    | Bought a pair of embroidered gloves for 121 gold pieces
 12149 | Orc:1    | Bought a crude ring mail for 243 gold pieces
 12171 | Orc:1    | Identified the cursed +1 ring mail of Zeimoc {*Confuse +Fly Str+2} (You bought it in a shop on level 1 of the Orcish Mines)
 12245 | D:10     | Entered Level 10 of the Dungeon
 12245 | D:10     | Noticed Snorg
 12288 | D:10     | Reached skill level 4 in Invocations
 12292 | D:10     | Reached skill level 10 in Dodging
 12363 | D:10     | Killed Snorg
 12781 | D:10     | Got a steaming leather armour
 12787 | D:10     | Identified the +6 leather armour of the Desert {-Cast rF+ Str+5} (You found it on level 10 of the Dungeon)
 12822 | D:10     | Noticed Sonja
 12832 | D:10     | Killed Sonja
 13031 | D:10     | Noticed Harold
 13043 | D:10     | Killed Harold
 13043 | D:10     | Reached skill level 5 in Invocations
 13554 | D:11     | Noticed Grum
 13570 | D:11     | Killed Grum
 13949 | D:11     | Found a staircase to the Lair.
 14084 | D:11     | Noticed Gastronok
 14101 | D:11     | Killed Gastronok
 14101 | D:11     | Reached ****** piety under Okawaru
 14101 | D:11     | Received a gift from Okawaru
 14101 | D:11     | Reached skill level 11 in Dodging
 14101 | D:11     | Reached skill level 6 in Invocations
 14469 | Lair:1   | Entered Level 1 of the Lair of Beasts
 14545 | Lair:1   | Reached skill level 16 in Axes
 14614 | Lair:1   | Identified a scroll of acquirement
 14646 | Lair:1   | Reached XP level 13. HP: 113/113 MP: 16/16
 14897 | Lair:1   | Reached skill level 7 in Invocations
 14918 | Lair:1   | Received a gift from Okawaru
 15334 | Lair:1   | Noticed Fannar
 15346 | Lair:1   | HP: 22/113 [Fannar/bolt of cold (31)]
 15354 | Lair:1   | Killed Fannar
 15354 | Lair:1   | Reached skill level 12 in Dodging
 16780 | Lair:3   | Reached skill level 8 in Invocations
 16786 | Lair:3   | Noticed vuolankoinen's ghost (journeyman HuWn)
 16802 | Lair:3   | Killed vuolankoinen's ghost
 17140 | Lair:3   | Found a staircase to the Snake Pit.
 17699 | Lair:4   | Noticed Nergalle
 18120 | Lair:4   | Noticed Urug
 18123 | Lair:4   | Reached skill level 11 in Fighting
 18123 | Lair:4   | Reached skill level 2 in Throwing
 18123 | Lair:4   | Reached skill level 11 in Armour
 18123 | Lair:4   | Reached XP level 14. HP: 124/124 MP: 19/19
 18135 | Lair:4   | Killed Urug
 18642 | Lair:4   | Reached skill level 17 in Axes
 18669 | Lair:4   | Got a slimy falchion
 18670 | Lair:4   | Identified the +6 falchion "Suohaop" {speed, Str+4} (You found it on level 4 of the Lair of Beasts)
 18850 | Lair:4   | Reached skill level 9 in Invocations
 19241 | Lair:5   | Noticed Rupert
 19241 | Lair:5   | Paralysed by Rupert for 3 turns
 19254 | Lair:5   | Killed Rupert
 19254 | Lair:5   | Reached skill level 13 in Dodging
 19346 | Lair:5   | Found a staircase to the Shoals.
 19804 | Lair:5   | Received a gift from Okawaru
 19930 | Lair:5   | Found a sparkling altar of Nemelex Xobeh.
 19946 | Lair:5   | Reached XP level 15. HP: 106/129 MP: 21/21
 20465 | Lair:6   | You fall through a shaft for 2 floors!
 20465 | Lair:8   | Entered Level 8 of the Lair of Beasts
 20836 | Lair:7   | Reached skill level 10 in Invocations
 21614 | Lair:7   | Received a gift from Okawaru
 21621 | Lair:7   | Got a crude war axe {god gift}
 21760 | Lair:7   | Identified the +7 war axe "Ettari" {chop, *Drain rN+ Str+4} (Okawaru gifted it to you on level 7 of the Lair of Beasts)
 21942 | Lair:8   | Reached skill level 18 in Axes
 22592 | Lair:8   | Noticed Josephine
 22602 | Lair:8   | Killed Josephine
 22605 | Lair:8   | Received a gift from Okawaru
 22626 | Lair:8   | Reached skill level 11 in Invocations
 22690 | Lair:8   | Reached skill level 12 in Armour
 22704 | Lair:8   | Noticed Maud
 22720 | Lair:8   | Killed Maud
 23911 | D:12     | Reached skill level 7 in Shields
 23948 | D:12     | Found a runed door.
 23959 | D:12     | Noticed a frost giant
 23968 | D:12     | Killed a frost giant
 23968 | D:12     | Received a gift from Okawaru
 23992 | D:12     | HP: 25/129 [cyclops/large rock (27)]
 24380 | D:12     | Reached skill level 8 in Shields
 24508 | D:12     | Noticed Jessica
 24518 | D:12     | Killed Jessica
 24527 | D:12     | Found a deep blue altar of Sif Muna.
 24647 | D:12     | Reached XP level 16. HP: 136/137 MP: 23/23
 25012 | D:13     | Found Odycw's Weapon Boutique.
 25567 | D:13     | Reached skill level 9 in Shields
 25576 | D:13     | Found a gate to the Vaults.
 25919 | D:14     | Found an oddly glowing altar of Pakellas.
 25972 | D:14     | Reached skill level 12 in Invocations
 25982 | D:14     | Reached skill level 10 in Shields
 25985 | D:14     | Reached skill level 19 in Axes
 26008 | D:14     | Found a frozen archway.
 26064 | IceCv    | Entered an ice cave
 26331 | IceCv    | Got an encrusted quicksilver dragon armour {MR+}
 26521 | IceCv    | Received a gift from Okawaru
 26628 | IceCv    | Reached skill level 11 in Shields
 26703 | IceCv    | Identified the cursed quicksilver dragon armour of the Quahog {MR+ Str+5 Dex+4 Slay-4, MR+} (You found it in an ice cave)
 28037 | D:15     | Entered Level 15 of the Dungeon
 28482 | D:15     | Reached skill level 12 in Shields
 28501 | D:15     | Noticed Kirke
 28517 | D:15     | Killed Kirke
 28676 | D:15     | Found a staircase to the Depths.
 28965 | D:15     | Received a gift from Okawaru
 29406 | Snake:1  | Entered Level 1 of the Snake Pit
 29431 | Snake:1  | Reached XP level 17. HP: 129/144 MP: 25/25
 29436 | Snake:1  | Reached skill level 13 in Shields
 29447 | Snake:1  | Reached skill level 20 in Axes
 29483 | Snake:1  | Found Qatip's Food Shop.
 31083 | Snake:3  | Noticed Wiglaf
 31100 | Snake:3  | Killed Wiglaf
 31192 | Snake:3  | Reached skill level 14 in Shields
 31239 | Snake:3  | Received a gift from Okawaru
 31387 | Snake:3  | Received a gift from Okawaru
 31392 | Snake:3  | Got a scorched mottled dragon armour {god gift, rSticky}
 31546 | Snake:3  | Identified the +0 mottled dragon armour "Plog" {rN++, rSticky} (Okawaru gifted it to you on level 3 of the Snake Pit)
 31919 | Snake:3  | Reached skill level 21 in Axes
 31951 | Snake:3  | Reached skill level 15 in Shields
 32078 | Snake:4  | Entered Level 4 of the Snake Pit
 33355 | Snake:4  | Received a gift from Okawaru
 33360 | Snake:4  | Reached XP level 18. HP: 103/151 MP: 26/26
 33369 | Snake:4  | Got an ancient battleaxe {god gift}
 33385 | Snake:4  | Reached skill level 16 in Shields
 33408 | Snake:4  | Identified the +3 battleaxe of the Common Good {venom, Dex+3} (Okawaru gifted it to you on level 4 of the Snake Pit)
 33792 | Snake:4  | Got a serpentine rune of Zot
 34116 | Lair:1   | Got a brightly glowing cloak
 34127 | Lair:1   | Identified the +0 cloak of the Present {rElec Int+4} (You acquired it on level 1 of the Lair of Beasts)
 34248 | Lair:5   | Killed Nergalle
 34263 | Shoals:1 | Entered Level 1 of the Shoals
 34531 | Shoals:1 | Reached skill level 1 in Evocations
 34700 | Shoals:1 | Reached skill level 2 in Evocations
 34708 | Shoals:1 | Reached skill level 13 in Armour
 35144 | Shoals:1 | Received a gift from Okawaru
 35374 | Shoals:1 | Reached skill level 12 in Fighting
 35524 | Shoals:2 | Reached skill level 3 in Evocations
 35717 | Shoals:2 | Noticed Aizul
 35726 | Shoals:2 | Killed Aizul
 36083 | Shoals:2 | Reached skill level 4 in Evocations
 36331 | Shoals:3 | Received a gift from Okawaru
 36334 | Shoals:3 | Got a pitted buckler {god gift}
 36348 | Shoals:3 | Identified the +0 buckler of Plasticity {rN+} (Okawaru gifted it to you on level 3 of the Shoals)
 36896 | Shoals:3 | Identified the Guide on the Entourage
 37088 | Shoals:4 | Entered Level 4 of the Shoals
 37148 | Shoals:4 | Reached skill level 14 in Armour
 37157 | Shoals:4 | Reached skill level 13 in Fighting
 37387 | Shoals:4 | Noticed Ilsuiw
 37432 | Shoals:4 | Killed Ilsuiw
 37811 | Shoals:4 | Got a dazzling hand axe {chop}
 37812 | Shoals:4 | Identified the +9 hand axe of the Fifty Mice {chop, rElec SInv} (You took it off a siren on level 4 of the Shoals)
 38088 | Shoals:4 | HP: 33/159 [merfolk impaler/trident (12)]
 38099 | Shoals:4 | HP: 32/159 [snapping turtle (15)]
 38110 | Shoals:4 | HP: 42/238 [merfolk aquamancer/ball of steam (9)]
 38116 | Shoals:4 | HP: 14/159 [frost giant/bolt of cold (16)]
 38122 | Shoals:4 | HP: 26/159 [frost giant/battleaxe of freezing (6)]
 38151 | Shoals:4 | HP: 27/159 [sea snake (4)]
 38159 | Shoals:4 | Reached skill level 14 in Fighting
 38160 | Shoals:4 | Reached XP level 19. HP: 31/167 MP: 27/27
 38161 | Shoals:4 | HP: 32/167 [merfolk impaler/trident of freezing (1)]
 38163 | Shoals:4 | Reached skill level 15 in Armour
 38208 | Shoals:4 | HP: 37/167 [snapping turtle (12)]
 38648 | Shoals:4 | Got a barnacled rune of Zot
 39666 | Shoals:3 | Received a gift from Okawaru
 40097 | D:4      | Bought a pair of runed gloves for 94 gold pieces
 40351 | Vaults:1 | Entered Level 1 of the Vaults
 40477 | Vaults:1 | Reached skill level 15 in Fighting
 40510 | Vaults:1 | Reached skill level 16 in Armour
 40542 | Vaults:1 | Identified the Tome of Congealing Shape Shifting
 40852 | Vaults:1 | Noticed Saint Roka
 40888 | Vaults:1 | Killed Saint Roka
 41199 | Vaults:1 | Reached skill level 16 in Fighting
 41250 | Vaults:1 | Received a gift from Okawaru
 41572 | Vaults:1 | Reached skill level 17 in Armour
 42070 | Vaults:2 | Received a gift from Okawaru
 42177 | Vaults:2 | Reached XP level 20. HP: 183/183 MP: 28/28
 42192 | Vaults:2 | Reached skill level 17 in Fighting
 42386 | Vaults:2 | Noticed Frederick
 42400 | Vaults:2 | Killed Frederick
 42479 | Vaults:2 | Reached skill level 3 in Throwing
 42849 | Vaults:2 | Reached skill level 18 in Armour
 42889 | Vaults:2 | Reached skill level 4 in Throwing
 43144 | Vaults:2 | Found Ysedghiyq's Weapon Emporium.
 43181 | Vaults:2 | Reached skill level 5 in Throwing
 43321 | Vaults:3 | Received a gift from Okawaru
 43521 | Vaults:3 | Found a staircase to the Crypt.
 43550 | Vaults:3 | Received a gift from Okawaru
 43553 | Vaults:3 | Reached skill level 18 in Fighting
 44088 | Vaults:3 | Reached skill level 19 in Armour
 44913 | Vaults:4 | Received a gift from Okawaru
 44937 | Vaults:4 | Reached XP level 21. HP: 151/196 MP: 29/29
 44940 | Vaults:4 | Reached skill level 19 in Fighting
 45145 | Vaults:4 | Reached skill level 20 in Armour
 45896 | Lair:1   | Gained mutation: You are clumsy. (Dex -2) [potion of mutation]
 45896 | Lair:1   | Lost mutation: You are clumsy. (Dex -2) [potion of mutation]
 45896 | Lair:1   | Gained mutation: You are partially covered in yellow scales (AC +2). [potion of mutation]
 46102 | Depths:1 | Entered Level 1 of the Depths
 46104 | Depths:1 | Found a one-way gate to the infinite horrors of the Abyss.
 46105 | Depths:1 | Found a gateway to Hell.
 46145 | Depths:1 | Paralysed by a vampire knight for 4 turns
 46155 | Depths:1 | HP: 33/200 [deep troll (illusionary) (21)]
 46157 | Depths:1 | Paralysed by a vampire knight for 7 turns
 46160 | Depths:1 | HP: 32/200 [deep troll (3)]
 46162 | Depths:1 | HP: 14/200 [deep troll (5)]
 46168 | Depths:1 | Voluntarily entered the Abyss.
 46168 | Abyss:1  | Found a corrupted altar of Lugonu.
 46393 | Abyss:1  | HP: 47/200 [Hell Sentinel (7)]
 46771 | Depths:1 | Escaped the Abyss
 46781 | Depths:1 | Reached skill level 20 in Fighting
 46800 | Depths:1 | HP: 42/201 [vampire knight (illusionary)/vampiric draining (17)]
 46805 | Depths:1 | HP: 11/201 [stone giant/large rock (14)]
 47383 | Depths:1 | Received a gift from Okawaru
 47386 | Depths:1 | Got a pair of polished gloves {god gift}
 47444 | Depths:1 | Identified the +1 pair of gloves of Bothoh {MP+9 Str+3 Dex-5} (Okawaru gifted it to you on level 1 of the Depths)
 47559 | Depths:1 | Reached skill level 21 in Armour
 48672 | Depths:2 | Found a gateway to a bazaar.
 48707 | Bazaar   | Entered a bazaar
 48707 | Bazaar   | Found Lepruef's Weapon Emporium.
 48707 | Bazaar   | Found Lykeg's Jewellery Shoppe.
 48723 | Bazaar   | Found Heotiaf's Distillery.
 48730 | Bazaar   | Bought a potion of resistance for 100 gold pieces
 48730 | Bazaar   | Bought a potion of haste for 100 gold pieces
 48730 | Bazaar   | Bought a potion of heal wounds for 50 gold pieces
 48730 | Bazaar   | Bought a potion of curing for 30 gold pieces
 48751 | Bazaar   | Found Pochit's Weapon Shoppe.
 48786 | Bazaar   | Found Syupun's Antique Armour Shoppe.
 48793 | Bazaar   | Bought a pair of embroidered boots for 99 gold pieces
 48844 | Bazaar   | Bought a cursed amulet of regeneration for 243 gold pieces
 48844 | Bazaar   | Bought the ring of the Cricket {MR+ Dex+3 Slay+2} for 359 gold pieces
 48978 | Depths:2 | Reached skill level 21 in Fighting
 48995 | Depths:2 | Reached XP level 22. HP: 213/213 MP: 30/30
 49281 | Depths:2 | Reached skill level 22 in Armour
 49294 | Depths:2 | Received a gift from Okawaru
 49304 | Depths:2 | Noticed a caustic shrike
 49304 | Depths:2 | a shadow dragon changed into a caustic shrike
 49305 | Depths:2 | a caustic shrike changed into an iron dragon
 49307 | Depths:2 | Noticed a caustic shrike
 49307 | Depths:2 | an iron dragon changed into a caustic shrike
 49314 | Depths:2 | a caustic shrike changed into an iron dragon
 49337 | Depths:2 | Received a gift from Okawaru
 49340 | Depths:2 | Got a scorched war axe {god gift}
 49342 | Depths:2 | Got a wizard robe
 49343 | Depths:2 | Identified the +6 war axe of a ziggurat {venom, *Noise rElec MP+9 Str+3} (Okawaru gifted it to you on level 2 of the Depths)
 49593 | Depths:2 | Paralysed by a great orb of eyes for 3 turns
 49748 | Depths:2 | Reached skill level 22 in Fighting
 50005 | Depths:3 | Found a one-way gate leading to the halls of Pandemonium.
 50027 | Depths:3 | Received a gift from Okawaru
 50425 | Depths:3 | Found Ekho Cil's Antique Weapon Shoppe.
 50491 | Depths:3 | Found a gateway to a ziggurat.
 50540 | Depths:3 | Reached skill level 23 in Armour
 51227 | Depths:4 | You are sucked into a shaft!
 51227 | Depths:5 | Entered Level 5 of the Depths
 51301 | Depths:5 | Reached XP level 23. HP: 225/225 MP: 31/31
 51452 | Depths:4 | Found a flickering gateway to a bazaar.
 51461 | Bazaar   | Entered a bazaar
 51479 | Bazaar   | Found Caelefag's Gadget Emporium.
 51479 | Bazaar   | Found Denur's Food Shoppe.
 51489 | Bazaar   | Bought a meat ration for 55 gold pieces
 51489 | Bazaar   | Bought a meat ration for 55 gold pieces
 51489 | Bazaar   | Bought a meat ration for 55 gold pieces
 51500 | Bazaar   | Found Afrusk's General Store.
 51504 | Bazaar   | Bought a scroll of enchant armour for 67 gold pieces
 51504 | Bazaar   | Bought a scroll of recharging for 85 gold pieces
 51504 | Bazaar   | Bought a potion of heal wounds for 45 gold pieces
 51515 | Bazaar   | Found Voaga's Weapon Shoppe.
 51530 | Bazaar   | Found Avvant's Assorted Antiques.
 51534 | Bazaar   | Bought an ancient war axe for 272 gold pieces
 51534 | Bazaar   | Bought a jewelled bone wand for 128 gold pieces
 51534 | Bazaar   | Bought a scroll of identify for 64 gold pieces
 51611 | Depths:4 | Received a gift from Okawaru
 51710 | Depths:4 | Reached skill level 24 in Armour
 51786 | Depths:4 | Noticed a juggernaut
 51808 | Depths:4 | Killed a juggernaut
 51860 | Depths:4 | Received a gift from Okawaru
 51866 | Depths:4 | HP: 51/225 [spriggan air mage/the air (12)]
 52591 | Depths:4 | Reached skill level 25 in Armour
 52692 | Depths:4 | Received a gift from Okawaru
 52773 | Depths:4 | Got a smelly scale mail {god gift}
 52781 | Depths:4 | Identified the cursed +1 robe "Loifaunk" {rC- Regen+ MP+9 Int+4} (You took it off a deep elf elementalist on level 2 of the Depths)
 52799 | Depths:4 | Identified the +5 scale mail of Xapsulic {MR+++ MP-9 Stlth+} (Okawaru gifted it to you on level 4 of the Depths)
 53292 | Depths:4 | Noticed a caustic shrike
 53311 | Depths:4 | Killed a caustic shrike
 53311 | Depths:4 | Reached skill level 26 in Armour
 54010 | Depths:4 | Reached XP level 24. HP: 208/233 MP: 31/31
 54239 | Depths:5 | Noticed Margery
 54257 | Depths:5 | Reached skill level 27 in Armour
 54266 | Depths:5 | Received a gift from Okawaru
 54282 | Depths:5 | Killed Margery
 54379 | Depths:5 | Reached skill level 22 in Axes
 54760 | Depths:5 | Got a twisted plate armour
 54772 | Depths:5 | Identified the +6 plate armour of Feasting {rElec MP+9 Str-2 Int+5} (You found it on level 5 of the Depths)
 54774 | Depths:5 | Identified the +3 war axe "Grim Tooth" {antimagic, Fragile rPois rF++ Str+3} (You bought it in a shop in a bazaar)
 55063 | Depths:5 | Reached skill level 23 in Axes
 55302 | Depths:5 | Received a gift from Okawaru
 55331 | Depths:5 | Noticed Mennas
 55362 | Depths:5 | Killed Mennas
 55399 | Depths:5 | Reached skill level 24 in Axes
 55514 | Depths:5 | Found a gate to the Realm of Zot.
 55524 | Depths:5 | Identified Cimo's Catalogue of Helpful Sinister Secrets
 56161 | Elf:1    | Entered Level 1 of the Elven Halls
 56193 | Elf:1    | Received a gift from Okawaru
 56227 | Elf:1    | Found Ujappy's Jewellery Shop.
 57349 | Elf:2    | Reached skill level 25 in Axes
 57353 | Elf:2    | Reached XP level 25. HP: 240/240 MP: 31/31
 57515 | Elf:2    | Found a runed gate.
 57515 | Elf:2    | Found a runed gate.
 57515 | Elf:2    | Found a runed gate.
 58287 | Elf:3    | Entered Level 3 of the Elven Halls
 58330 | Elf:3    | Found Giob's Food Shoppe.
 58444 | Elf:3    | Received a gift from Okawaru
 58456 | Elf:3    | Reached skill level 26 in Axes
 58466 | Elf:3    | HP: 54/240 [???[a deep elf demonologist] (51)]
 58927 | Elf:3    | Got a wavering ivory ring
 58929 | Elf:3    | Identified the ring of Nurean {AC+3 Dex+7} (You found it on level 3 of the Elven Halls)
 59310 | Elf:3    | Gained mutation: Scrolls take you a little longer to read. [a neqoxec]
 59871 | Elf:3    | Got a faintly glowing turquoise ring
 59873 | Elf:3    | Identified the ring of Boxijaip {rPois rC+ rN+ Stlth-} (You took it off a deep elf demonologist on level 3 of the Elven Halls)
 59958 | Elf:3    | Got a smoking bone amulet
 59976 | Elf:3    | Identified the amulet of Siocis {+Blink Regen+ MP+9 Stlth+} (You took it off a deep elf death mage on level 3 of the Elven Halls)
 60331 | Elf:3    | Reached skill level 27 in Axes
 60366 | Elf:3    | Identified the Disquisition on Companions
 60405 | Elf:3    | Got a shimmering robe
 60538 | Elf:3    | Got a brightly glowing ring mail
 60555 | Elf:3    | Identified the +2 ring mail "Tenabis" {rPois rC- Dex+3} (You found it on level 3 of the Elven Halls)
 60798 | Elf:3    | Got a slimy marble ring
 60801 | Elf:3    | Identified the ring of Ufy Rore {rPois rN+ MR+ MP+9} (You took it off a deep elf sorcerer on level 3 of the Elven Halls)
 61106 | Depths:1 | Voluntarily entered the Abyss.
 61207 | Abyss:1  | Reached skill level 14 in Dodging
 61511 | Abyss:3  | Reached skill level 23 in Fighting
 61511 | Abyss:3  | Reached skill level 6 in Throwing
 61774 | Abyss:3  | Reached skill level 7 in Throwing
 61915 | Abyss:3  | Found a corrupted altar of Lugonu.
 62198 | Abyss:3  | Received a gift from Okawaru
 62198 | Abyss:3  | Reached XP level 26. HP: 248/251 MP: 31/31
 62233 | Abyss:3  | Reached skill level 15 in Dodging
 62248 | Abyss:3  | Reached skill level 8 in Throwing
 62863 | Abyss:3  | Reached skill level 9 in Throwing
 63022 | Abyss:3  | Found a corrupted altar of Lugonu.
 63226 | Abyss:3  | Reached skill level 10 in Throwing
 63384 | Abyss:3  | Reached skill level 24 in Fighting
 63391 | Abyss:3  | Got a crystal broad axe
 63406 | Abyss:3  | Reached skill level 16 in Dodging
 63539 | Abyss:3  | HP: 52/254 [??? (50)]
 63541 | Abyss:3  | Gained mutation: You are weak. (Str -2) [a neqoxec]
 63557 | Abyss:3  | HP: 31/254 [lurking horror (29)]
 63580 | Abyss:3  | HP: 35/254 [wretched star/orb of energy (7)]
 63601 | Abyss:3  | Reached skill level 11 in Throwing
 63611 | Abyss:3  | HP: 40/254 [starcursed mass/accursed screaming (6)]
 63616 | Abyss:3  | HP: 19/254 [burnt (8)]
 63621 | Abyss:3  | HP: 29/254 [burnt (2)]
 63632 | Abyss:3  | HP: 28/254 [starcursed mass/accursed screaming (7)]
 64062 | Abyss:3  | Received a gift from Okawaru
 64219 | Abyss:3  | Reached skill level 12 in Throwing
 64225 | Abyss:3  | Paralysed by accursed screaming for 1 turns
 64230 | Abyss:3  | Paralysed by accursed screaming for 1 turns
 64253 | Abyss:3  | Paralysed by accursed screaming for 2 turns
 64263 | Abyss:3  | Gained mutation: Your magical capacity is low (-10% MP). [a shining eye]
 64264 | Abyss:3  | HP: 59/255 [something (7)]
 64272 | Abyss:3  | HP: 42/255 [starcursed mass/accursed screaming (6)]
 64277 | Abyss:3  | HP: 41/255 [starcursed mass/accursed screaming (4)]
 64555 | Abyss:3  | Identified the +8 broad axe of Agrokeyj {freeze, rPois rN+ Int+3} (You found it on level 3 of the Abyss)
 65148 | Abyss:3  | Reached skill level 17 in Dodging
 65169 | Abyss:3  | Reached skill level 13 in Throwing
 65429 | Abyss:3  | Found a corrupted altar of Lugonu.
 65569 | Abyss:3  | Found a glowing golden altar of the Shining One.
 65622 | Abyss:3  | Got an abyssal rune of Zot
 65666 | Depths:1 | Escaped the Abyss
 65865 | Lair:1   | Gained mutation: You occasionally shout uncontrollably at your foes. [potion of mutation]
 65865 | Lair:1   | Lost mutation: You occasionally shout uncontrollably at your foes. [potion of mutation]
 65865 | Lair:1   | Gained mutation: Your mind is acute. (Int +2) [potion of mutation]
 65866 | Lair:1   | Lost mutation: Scrolls take you a little longer to read. [potion of mutation]
 65866 | Lair:1   | Gained mutation: Your mind is very acute. (Int +4) [potion of mutation]
 65867 | Lair:1   | Lost mutation: Your mind is very acute. (Int +4) [potion of mutation]
 65867 | Lair:1   | Gained mutation: You are agile. (Dex +2) [potion of mutation]
 65867 | Lair:1   | Gained mutation: You are somewhat resistant to further mutation. [potion of mutation]
 65904 | Lair:1   | Lost mutation: You are somewhat resistant to further mutation. [potion of cure mutation]
 65904 | Lair:1   | Lost mutation: You are weak. (Str -2) [potion of cure mutation]
 65904 | Lair:1   | Lost mutation: You are partially covered in yellow scales (AC +2). [potion of cure mutation]
 65904 | Lair:1   | Lost mutation: Your magical capacity is low (-10% MP). [potion of cure mutation]
 65904 | Lair:1   | Lost mutation: You are agile. (Dex +2) [potion of cure mutation]
 66146 | Vaults:5 | Entered Level 5 of the Vaults
 66158 | Vaults:4 | Reached XP level 27. HP: 254/264 MP: 31/31
 66217 | Vaults:4 | Reached skill level 25 in Fighting
 66248 | Vaults:4 | Reached skill level 14 in Throwing
 66411 | Vaults:5 | Received a gift from Okawaru
 66425 | Vaults:5 | Received a gift from Okawaru
 66425 | Vaults:5 | Reached skill level 18 in Dodging
 66744 | Vaults:5 | Noticed an ancient lich
 66838 | Vaults:4 | Killed an ancient lich
 67053 | Vaults:5 | Got a pair of faintly glowing gloves {god gift}
 67082 | Vaults:5 | Reached skill level 15 in Throwing
 67150 | Vaults:4 | Identified the +1 pair of gloves "Eddiomai" {MR- Regen+ Int+8 Dex-2} (Okawaru gifted it to you on level 5 of the Vaults)
 67359 | Vaults:5 | Got a slimy steel ring
 67434 | Vaults:5 | Noticed an ancient lich
 67445 | Vaults:5 | Killed an ancient lich
 67445 | Vaults:5 | Reached skill level 19 in Dodging
 67514 | Vaults:5 | Got a turquoise-encrusted leather armour
 67576 | Vaults:5 | Reached skill level 26 in Fighting
 67602 | Vaults:5 | Received a gift from Okawaru
 67604 | Vaults:5 | Got a slimy silver ring
 67609 | Vaults:5 | Identified the ring "Goant" {rCorr rElec rC+ Str+4} (You took it off a fire giant on level 5 of the Vaults)
 67612 | Vaults:5 | Identified the ring "Kergham" {SustAt Str+2 Slay+3} (You took it off a deep elf elementalist on level 5 of the Vaults)
 67832 | Vaults:5 | Noticed an ancient lich
 67838 | Vaults:5 | Cast into level 5 of the Abyss (an ancient lich)
 67838 | Abyss:5  | Entered Level 5 of the Abyss
 67966 | Abyss:5  | Paralysed by accursed screaming for 2 turns
 67977 | Abyss:5  | Paralysed by accursed screaming for 2 turns
 67979 | Abyss:5  | HP: 53/269 [large abomination (21)]
 67983 | Abyss:5  | HP: 21/269 [starcursed mass/accursed screaming (25)]
 67984 | Abyss:5  | HP: 10/269 [starcursed mass/accursed screaming (11)]
 67993 | Abyss:5  | HP: 11/269 [starcursed mass/accursed screaming (13)]
 67993 | Abyss:5  | Paralysed by accursed screaming for 2 turns
 67995 | Abyss:5  | HP: 3/269 [thrashing horror (7)]
 68033 | Abyss:5  | HP: 34/269 [starcursed mass/accursed screaming (6)]
 68034 | Abyss:5  | Paralysed by accursed screaming for 1 turns
 68219 | Abyss:5  | Reached skill level 16 in Throwing
 68225 | Vaults:5 | Escaped the Abyss
 68232 | Vaults:5 | Killed an ancient lich
 68691 | Vaults:5 | Got a silver rune of Zot
 69211 | Vaults:5 | Identified the Tome of Scorching Conjuration (You found it on level 5 of the Vaults)
 69965 | Lair:6   | Found a staircase to the Slime Pits.
 70329 | Slime:1  | Entered Level 1 of the Pits of Slime
 70394 | Slime:2  | Lost mutation: Your mind is acute. (Int +2) [a shining eye]
 70395 | Slime:2  | Gained mutation: You are clumsy. (Dex -2) [a shining eye]
 70412 | Slime:2  | Reached skill level 20 in Dodging
 70481 | Slime:3  | Received a gift from Okawaru
 70496 | Slime:3  | Got a bloodstained battleaxe {god gift}
 70497 | Slime:3  | Identified the +10 battleaxe of the Chain {antimagic, *Contam rF+++ MR+++ MP-9} (Okawaru gifted it to you on level 3 of the Pits of Slime)
 70521 | Slime:4  | Gained mutation: You are dopey. (Int -2) [a shining eye]
 70573 | Slime:6  | Entered Level 6 of the Pits of Slime
 70643 | Slime:6  | Found a viscous altar of Jiyva.
 70663 | Slime:6  | Noticed the Royal Jelly
 70725 | Slime:6  | Killed the Royal Jelly
 70725 | Slime:6  | Reached skill level 17 in Throwing
 70860 | Slime:6  | Got a slimy rune of Zot
 70878 | Slime:6  | Got a shimmering amber ring
 70883 | Slime:6  | Identified the cursed ring "Haqasoel" {rC- Str+7 Int-2} (You found it on level 6 of the Pits of Slime)
 70920 | Slime:6  | Got a slimy silver ring
 70932 | Slime:6  | Identified the ring "Kinue" {rC+ MR+} (You found it on level 6 of the Pits of Slime)
 70980 | Slime:6  | Lost mutation: You are clumsy. (Dex -2) [potion of cure mutation]
 70980 | Slime:6  | Lost mutation: You are dopey. (Int -2) [potion of cure mutation]
 70981 | Slime:6  | Gained mutation: You are partially covered in yellow scales (AC +2). [potion of beneficial mutation]
 71071 | Slime:6  | Reached skill level 27 in Fighting
 71085 | Slime:4  | Gained mutation: You are clumsy. (Dex -2) [a shining eye]
 71561 | Zot:1    | Entered Level 1 of the Realm of Zot
 71715 | Zot:1    | Reached skill level 21 in Dodging
 71718 | Zot:1    | Received a gift from Okawaru
 72469 | Zot:1    | Reached skill level 22 in Dodging
 72702 | Zot:1    | Found a burning altar of Makhleb.
 73008 | Zot:2    | Reached skill level 23 in Dodging
 73013 | Zot:2    | Received a gift from Okawaru
 73029 | Zot:2    | Got a twisted broad axe {god gift}
 73313 | Zot:2    | Identified the +1 broad axe of Zushriat {venom, SInv} (Okawaru gifted it to you on level 2 of the Realm of Zot)
 73333 | Zot:2    | Got a dazzling shield
 73334 | Zot:2    | Identified the -1 shield of the Special Suns {Int+5 Stlth-} (You acquired it on level 2 of the Realm of Zot)
 73994 | Zot:3    | Reached skill level 24 in Dodging
 74019 | Zot:3    | Received a gift from Okawaru
 74289 | Zot:3    | Noticed an orb of fire
 74294 | Zot:3    | Gained mutation: You are weak. (Str -2) [an orb of fire]
 74296 | Zot:3    | Gained mutation: Armour fits poorly on your strangely shaped body. [an orb of fire]
 74298 | Zot:3    | HP: 66/273 [/fireball (19)]
 74303 | Zot:3    | HP: 55/273 [orb of fire/bolt of fire (7)]
 74307 | Zot:3    | Killed an orb of fire
 74316 | Zot:3    | HP: 52/273 [tentacled monstrosity (8)]
 74863 | Zot:3    | Reached skill level 25 in Dodging
 75441 | Zot:3    | Gained mutation: Potions and wands are less effective at restoring your health. [mutagenic glow]
 75578 | Zot:2    | Received a gift from Okawaru
 75614 | Zot:2    | Received a gift from Okawaru
 75934 | Lair:1   | Lost mutation: Armour fits poorly on your strangely shaped body. [potion of cure mutation]
 75934 | Lair:1   | Lost mutation: You are clumsy. (Dex -2) [potion of cure mutation]
 75934 | Lair:1   | Lost mutation: You are weak. (Str -2) [potion of cure mutation]
 75934 | Lair:1   | Lost mutation: Potions and wands are less effective at restoring your health. [potion of cure mutation]
 76694 | Zot:4    | Reached skill level 26 in Dodging
 76721 | Zot:4    | Received a gift from Okawaru
 76820 | Zot:5    | Entered Level 5 of the Realm of Zot
 77356 | Zig:1    | Entered Level 1 of a ziggurat
 77397 | Zig:2    | Entered Level 2 of a ziggurat
 77437 | Zig:3    | Entered Level 3 of a ziggurat
 77451 | Zig:3    | Received a gift from Okawaru
 77470 | Zig:4    | Entered Level 4 of a ziggurat
 77515 | Zig:5    | Entered Level 5 of a ziggurat
 77523 | Zig:5    | Paralysed by a great orb of eyes for 3 turns
 77581 | Zig:6    | Entered Level 6 of a ziggurat
 77586 | Zig:6    | Noticed Potzuczo the pandemonium lord
 77607 | Zig:6    | Cast into level 5 of the Abyss (Potzuczo)
 77607 | Abyss:5  | Entered Level 5 of the Abyss
 77817 | Abyss:5  | Reached skill level 27 in Dodging
 77873 | Abyss:5  | HP: 51/245 [???[a giant orange brain] (49)]
 77940 | Zig:6    | Escaped the Abyss
 77945 | Zig:6    | HP: 57/245 [Potzuczo the pandemonium lord (14)]
 77953 | Zig:6    | HP: 43/245 [Potzuczo the pandemonium lord (15)]
 77959 | Zig:6    | HP: 47/245 [Potzuczo the pandemonium lord (14)]
 77969 | Zig:6    | HP: 33/245 [Potzuczo the pandemonium lord (17)]
 77974 | Zig:6    | Killed Potzuczo the pandemonium lord
 77974 | Zig:6    | Reached skill level 13 in Invocations
 77974 | Zig:6    | Reached skill level 5 in Evocations
 78427 | Zig:6    | Got a polished battleaxe
 78430 | Zig:6    | Identified the cursed +0 battleaxe of Qasmoir {chop, *Noise rElec rPois Dex+4} (You found it on level 6 of a ziggurat)
 78434 | Zig:7    | Entered Level 7 of a ziggurat
 78458 | Zig:7    | Reached skill level 6 in Evocations
 78470 | Zig:7    | Reached skill level 14 in Invocations
 78529 | Zig:7    | Got a heavily runed lapis lazuli ring
 78538 | Zig:7    | Identified the cursed ring of Bumos {rElec rC+ Str-4 Dex+3} (You found it on level 7 of a ziggurat)
 78561 | Zig:8    | Entered Level 8 of a ziggurat
 78576 | Zig:8    | Received a gift from Okawaru
 78707 | Zig:9    | Entered Level 9 of a ziggurat
 78719 | Zig:9    | Reached skill level 7 in Evocations
 78813 | Zig:10   | Entered Level 10 of a ziggurat
 78829 | Zig:10   | Noticed Delarado's ghost (legendary MiGl)
 78852 | Zig:10   | Reached skill level 15 in Invocations
 78860 | Zig:10   | Killed Delarado's ghost
 78865 | Zig:10   | Reached skill level 8 in Evocations
 78947 | Zig:10   | Got a crude jade ring
 78949 | Zig:10   | Identified the ring of Wirel {rF++ rC- MP+9 Dex+7} (You found it on level 10 of a ziggurat)
 78957 | Zig:11   | Entered Level 11 of a ziggurat
 79012 | Zig:11   | Received a gift from Okawaru
 79014 | Zig:11   | Reached skill level 16 in Invocations
 79144 | Hell     | Entered the Vestibule of Hell
 79144 | Hell     | Noticed Geryon
 79150 | Hell     | Reached skill level 9 in Evocations
 79164 | Hell     | Killed Geryon
 79174 | Hell     | Received a gift from Okawaru
 79198 | Depths:3 | Reached skill level 17 in Invocations
 79475 | Hell     | Noticed Murray
 79480 | Hell     | Received a gift from Okawaru
 79766 | Hell     | Killed Murray
 79809 | Hell     | Found a gateway to the Iron City of Dis.
 79847 | Hell     | Reached skill level 10 in Evocations
 79854 | Hell     | Found a gateway to the freezing wastes of Cocytus.
 79910 | Hell     | Found a gateway to the decaying netherworld of Tartarus.
 79964 | Hell     | Found a gateway to the ashen valley of Gehenna.
 80169 | Geh:1    | Entered Level 1 of Gehenna
 80499 | Geh:2    | Reached skill level 11 in Evocations
 80641 | Pan      | Entered Pandemonium
 80645 | Pan      | Noticed Evvup the pandemonium lord
 80658 | Pan      | HP: 64/273 [??? (61)]
 80663 | Pan      | HP: 46/273 [Executioner (10)]
 80677 | Pan      | HP: 42/273 [red devil/demon trident[a balrug] (5)]
 80689 | Pan      | HP: 46/273 [Executioner/nerve-wracking pain (2)]
 80994 | Pan      | Reached skill level 12 in Evocations
 81036 | Pan      | Noticed Wayf the pandemonium lord
 81068 | Pan      | Received a gift from Okawaru
 81076 | Pan      | Killed Wayf the pandemonium lord
 81370 | Pan      | Reached skill level 13 in Evocations
 81558 | Pan      | Found an exit through the horrors of the Abyss.
 81803 | Pan      | HP: 63/273 [??? (61)]
 81808 | Pan      | HP: 56/273 [smoke demon/divine providence (10)]
 81826 | Depths:3 | Escaped Pandemonium
 81966 | Pan      | Entered Pandemonium
 81966 | Pan      | Found an exit through the horrors of the Abyss.
 82159 | Pan      | Reached skill level 14 in Evocations
 82250 | Pan      | Noticed Udam the pandemonium lord
 82262 | Pan      | Killed Udam the pandemonium lord
 83303 | Pan      | Found an exit through the horrors of the Abyss.
 83337 | Pan      | Gained mutation: You occasionally shout uncontrollably at your foes. [a cacodemon]
 83340 | Pan      | Received a gift from Okawaru
 83350 | Pan      | Reached skill level 15 in Evocations
 83864 | Pan      | Noticed Terasin the pandemonium lord
 83885 | Pan      | Gained mutation: Your spells are a little easier to cast, but a little less powerful. [a shining eye]
 83904 | Pan      | HP: 63/273 [balrug/divine providence (13)]
 84195 | Pan      | Reached skill level 16 in Evocations
 84407 | Pan      | Found a huge runed gate.
 84536 | Pan      | Found an exit through the horrors of the Abyss.
 84909 | Pan      | Got a distressingly furry cloak
 84920 | Pan      | Identified the +1 cloak of Qofurgh {rC+} (You acquired it in Pandemonium)
 85299 | Pan      | Reached skill level 17 in Evocations
 85509 | Pan      | Noticed Lunehar the pandemonium lord
 85514 | Pan      | HP: 36/273 [??? (34)]
 85531 | Pan      | HP: 49/273 [sun demon[a balrug] (3)]
 85561 | Pan      | HP: 32/273 [torturous blood saint/crystal spear (29)]
 85572 | Pan      | HP: 40/273 [Lunehar the pandemonium lord/living lightning (2)]
 85579 | Pan      | HP: 51/409 [fire dragon/blast of flame[Lunehar] (3)]
 85856 | Pan      | Received a gift from Okawaru
 86101 | Pan      | Noticed Surph the pandemonium lord
 86122 | Pan      | Killed Surph the pandemonium lord
 86122 | Pan      | Reached skill level 18 in Evocations
 86127 | Pan      | HP: 68/273 [soul eater/drain life (11)]
 86132 | Pan      | HP: 42/273 [soul eater/drain life (19)]
 86458 | Pan      | HP: 65/273 [daeva/divine providence (12)]
 86460 | Pan      | HP: 23/273 [daeva/divine providence (13)]
 86461 | Pan      | HP: 6/273 [daeva/divine providence (13)]
 86461 | Pan      | Killed from afar by a daeva

Skill      XL: |  1  2  3  4  5  6  7  8  9 10 11 12 13 14 15 16 17 18 19 20 21 22 23 24 25 26 27 |
---------------+----------------------------------------------------------------------------------+-----
Axes           | 3 4 5 6 7 9 11 12 14 16 17 18 19 21 25 27 | 27.0
Fighting       | 6 9 10 11 14 16 18 21 22 23 24 27 | 27.0
Armour         | 6 9 10 11 12 14 17 19 21 23 26 27 | 27.0
Shields        | 6 8 12 15 16 | 16.1
Dodging        | 5 9 11 12 13 14 17 27 | 27.0
Invocations    | 2 6 8 9 11 12 17 | 17.3
Throwing       | 2 5 7 13 17 | 17.0
Evocations     | 4 18 | 18.1

Action                   |  1- 3 |  4- 6 |  7- 9 | 10-12 | 13-15 | 16-18 | 19-21 | 22-24 | 25-27 || total
-------------------------+-------+-------+-------+-------+-------+-------+-------+-------+-------++-------
Melee: War axe           |    92 |   153 |   209 |       |   244 |  1358 |   131 |       |       ||  2187
       Headbutt          |    14 |    26 |    57 |   101 |   180 |   416 |   528 |   473 |  1480 ||  3275
       Battleaxe         |       |       |   116 |   489 |   437 |       |       |       |   103 ||  1145
       Broad axe         |       |       |       |       |       |       |  1430 |  1469 |  1718 ||  4617
       Executioner's axe |       |       |       |       |       |       |       |       |  2261 ||  2261
Throw: Javelin           |       |       |       |       |    35 |   103 |   160 |    68 |   174 ||   540
Invok: Heroism           |       |       |       |     1 |     1 |     1 |       |     1 |     3 ||     7
       Finesse           |       |       |       |       |       |     1 |       |     1 |     2 ||     4
 Abil: Evoke Flight      |       |       |       |       |       |     3 |       |       |       ||     3
Evoke: Wand              |       |       |       |     2 |     1 |     1 |       |     8 |    28 ||    40
  Use: Potion            |       |     1 |       |       |     3 |     4 |     3 |     3 |    30 ||    44
       Scroll            |       |    13 |    10 |     6 |     8 |    20 |    14 |    15 |    61 ||   147
 Stab: Distracted        |       |       |       |       |     1 |       |       |     3 |     2 ||     6
       Confused          |       |       |       |       |       |       |       |     1 |       ||     1
       Petrifying        |       |       |       |       |       |       |       |       |     1 ||     1
       Petrified         |       |       |       |       |       |       |       |       |     1 ||     1
  Eat: Pizza             |     1 |     1 |       |     4 |     4 |     2 |     4 |     2 |     4 ||    22
       Chunk             |       |     6 |    13 |     8 |    13 |     4 |       |       |       ||    44
       Fruit             |       |     2 |     7 |     3 |    12 |    18 |     9 |       |     1 ||    52
       Royal jelly       |       |       |     1 |       |       |     6 |    10 |     1 |     5 ||    23
       Meat ration       |       |       |     1 |       |       |       |       |       |       ||     1
       Beef jerky        |       |       |       |     4 |     1 |     2 |     3 |     2 |     3 ||    15
       Bread ration      |       |       |       |       |     1 |     2 |     1 |     5 |    24 ||    33
Armor: Scale mail        |    62 |    99 |    26 |       |       |       |       |       |       ||   187
       Chain mail        |       |       |   137 |   168 |       |       |       |       |       ||   305
       Leather armour    |       |       |       |    40 |   124 |    45 |       |       |       ||   209
       Crystal plate arm |       |       |       |       |       |   288 |   544 |   658 |  1716 ||  3206
Dodge: Dodged            |    48 |    39 |    77 |   248 |   343 |   419 |   365 |   411 |  2942 ||  4892
Block: Shield            |    72 |    88 |   153 |       |   193 |  1425 |  1425 |  1384 |  1146 ||  5886
       Reflection        |       |       |     6 |     5 |    22 |   200 |   175 |    91 |   111 ||   610
       Other             |       |       |    24 |   110 |    77 |       |       |       |   420 ||   631

Vault maps used:
D:1:      ldierk_walled_garden_2, minmay_distorted
D:2:      lightli_temple_of_fire, kennysheep_generic_room_2
D:3:      grunt_decor_arrowhead
D:4:      serial_shops, shop, first_bread
D:5:      ashenzari_conservatory_becter, minmay_temple_entry_statues_pillars,
          serial_shops, nicolae_shop_overgrown_old_shop
D:6:      serial_shops, shop
D:7:      grunt_temple_overflow_holy_war, nicolae_overflow_hidden_temple,
          makhleb_altar_promises_db
D:8:      grunt_dithmenos_smoke, grunt_temple_overflow_open, grunt_livestock,
          cheibrodos_ashenzari_chains
D:9:      minitemple, orc_david_3
D:10:     uniq_sonja, uniq_harold, uniq_snorg
D:11:     lair_0_dummy, kennysheep_generic_room_4, uniq_gastronok, uniq_grum
D:12:     minmay_st_funbox, tgw_sif
D:13:     david_vaults_4, serial_shops, nicolae_shop_trees
D:14:     gargoyle_guard, basic_altar, serial_bayou, serial_bayou_lake_a,
          serial_bayou_crossing, serial_bayou_pond_e, serial_bayou_shore_b,
          serial_bayou_pond_e, portal_ice_cave_entry_ugly_swarm
D:15:     grunt_enter_depths_hoard, minmay_misc_feat_pillars, special_room,
          uniq_kirke
Temple:   temple_eino_lava_8
Lair:1:   minivault_29, serial_bayou_shore_b, uniq_fannar
Lair:2:   grunt_megastairs_5, serial_bayou_shore_b
Lair:3:   minmay_snake_entry_spellcaster, nicolae_quartered_pool_little,
          grunt_megastairs_3, serial_bayou_shore_a
Lair:4:   dragon1_lemuel, minmay_holes, grunt_megastairs_1, uniq_urug,
          uniq_nergalle
Lair:5:   shoals_dummy_entry, lemuel_centaur_altar, lemuel_fruit_fields,
          uniq_rupert
Lair:6:   slime_dummy
Lair:7:   boulder_dual_corridor_run
Lair:8:   hangedman_lair_tendril_chambers, dpeg_oklob_1, serial_bayou_shore_b,
          uniq_maud, uniq_josephine
Shoals:1: cheibrodos_shoals_oceanic_diplomacy,
          nicolae_shoals_arrival_archipelago
Shoals:2: ldierk_geyser, uniq_aizul
Shoals:4: shoals_end_grunt_ice, shoals_ilsuiw_ice,
          nicolae_shoals_circle_sea_wall
Snake:1:  serial_shops, nicolae_shop_behind_doors
Snake:2:  spider_trap, grunt_ministairs_10
Snake:3:  hangedman_cross_stitches, lemuel_fruit_tree, uniq_wiglaf
Snake:4:  minmay_snake_end_coiled
Slime:1:  cheibrodos_slime_lost_civilization_3
Slime:3:  cheibrodos_slime_lost_civilization_1
Slime:4:  cheibrodos_slime_lost_civilization_6
Orc:1:    basic_altar, serial_shops, shop
Orc:2:    pubby_orc_utopia
Elf:1:    eino_elf_arrival_the_gate, serial_shops, shop,
          hangedman_elf_disciples, dk_noncrumbling_3
Elf:3:    minmay_elf_hall_spiked, serial_shops,
          nicolae_shop_competitors_out_of_business, small_chamber_with_monster,
          einodemon_barbed_minivault
Vaults:1: vaults_standard_mumra_lines, st_lattice, vaults_room_door_ring,
          ontoclasm_vaults_claustrophobia, v_misc_23, hangedman_vaults_cutoff,
          nicolae_vaults_little_squares_6, nicolae_vaults_rhombus_6,
          vaults_room_semicircle, vaults_room_pool, vaults_mumra_hex,
          uniq_saint_roka
Vaults:2: v_misc_26, v_misc_5, vaults_mumra_hexcomb, v_misc_23,
          nicolae_vaults_circle_grid_a, vaults_dpeg_hooks,
          vaults_room_door_ring, dpeg_vaults_monster_box,
          nicolae_vaults_minivaults, hangedman_vaults_maws,
          hangedman_vaults_slice, nicolae_vaults_shelves_hall,
          nicolae_vaults_rhombus_7, uniq_frederick
Vaults:3: v_misc_11, nicolae_vaults_shelves_hall, ontoclasm_vaults_eye,
          hangedman_vaults_trim, dpeg_vaults_monster_row,
          ontoclasm_vaults_pinch, nicolae_vaults_shelves_hall,
          vaults_room_fours, dummy_crypt_entry
Vaults:4: v_misc_33, vaults_room_fancy_cross, st_eye, grunt_vaults_funnel,
          ontoclasm_vaults_shuriken, v_pattern_2, ontoclasm_vaults_twist,
          nicolae_vaults_border_crossing, vaults_dpeg_spiral
Depths:1: abyss_entry, hangedman_coc_ice_floe, wad_rectangle_vault
Depths:2: hangedman_box_tower, grunt_hell_entry_dis_grunt, abyss_entry,
          serial_shops, bzr_entry_lakeside, serial_bayou_shore_b
Depths:3: cheibrodos_birdhouse, enter_ziggurat_b, serial_co_window_serial,
          co_window_paths_a, co_window_paths_b, co_window_paths_a,
          co_window_paths_b, co_window_corner_a, co_window_unsneaky_path_e,
          co_window_2corner, co_window_2corner, co_window_corner_b,
          co_window_corner_b, glass_columns_a, glass_columns_a, glass_columns_a,
          glass_columns_c, glass_columns_a, wad_floor_pattern_untrapped,
          hell_entry, pan_entry, serial_shops, shop
Depths:4: kennysheep_large_vault, serial_shops, bzr_in_the_mist,
          rand_demon_pan_entry_4, abyss_entry, bh_chokoban, hell_entry
Depths:5: lemuel_castle_with_subvaults, minmay_misc_feat_square, abyss_entry,
          lightli_too_deep, serial_bayou_shore_b, grunt_megastairs_4,
          uniq_mennas, uniq_margery
Geh:2:    nicolae_geh_single_fiery_grave
Zot:1:    nicolae_zot_draconian_monastery, st_stairs_2
Zot:2:    kennysheep_room_grid
Zot:3:    hangedman_elemental_corridor
Zot:5:    grunt_ministairs_12, nicolae_zot_crop_circle
Abyss:1:  hangedman_stitches_earthworm
Abyss:2:  hangedman_eye_storm
Abyss:3:  grunt_abyss_rune_sword_and_sorcery, evilmike_abyss_exit_mutagenic
Abyss:4:  evilmike_abyss_exit_17
Abyss:5:  guppyfry_abyss_exit_imp_island, minivault_5,
          hangedman_abyss_river_spirits, evilmike_abyss_exit_5,
          evilmike_abyss_exit_3
Pan:      evilmike_mini_pan_doors_b, pan_blood_fountain,
          nicolae_pan_sigil_uleosi, evilmike_mini_pan_doors_b,
          nicolae_pan_sigil_uleosi, nicolae_pan_sick_transit,
          nicolae_pan_double_arrow, evilmike_mini_pan_3x3,
          pan_blood_fountain_small, grunt_pan_zigzag, nicolae_pan_giant_door,
          pan_blood_fountain_2, evilmike_mini_pan_corridor, evilmike_holy_pan
Zig:1:    ziggurat_pillar_centre_c
Bazaar:   bazaar_kb_twisted_cavern, bazaar_long_row
IceCv:    ice_cave_caverns_03

Table legend:
 A = Turns spent in this place as a percentage of turns spent in the entire game.
 B = Non-inter-level travel turns spent in this place as a percentage of non-inter-level travel turns spent in the entire game.
 C = Inter-level travel turns spent in this place as a percentage of turns spent in this place.
 D = Turns resting spent in this place as a percentage of non-inter-level travel turns spent in this place.
 E = Turns spent auto-exploring this place as a percentage of non-inter-level travel turns spent in this place.
 F = Non-inter-level travel turns spent in this place divided by the number of levels of this place that you've seen.
                   A       B       C       D       E      F
               +-------+-------+-------+-------+-------+----------------------
         Total | 100.0 | 100.0 |   0.4 |   2.3 |   3.8 | 356.4
       Dungeon |  14.1 |  14.0 |   1.1 |   2.3 |   6.8 | 303.2
        Temple |   0.1 |   0.1 |   0.0 |   7.1 |   3.6 |  28.0
          Lair |   9.1 |   9.1 |   0.7 |   2.8 |   5.3 | 369.2
        Shoals |   6.2 |   6.2 |   0.4 |   2.1 |   3.3 | 504.5
     Snake Pit |   4.4 |   4.4 |   0.3 |   3.3 |   6.6 | 355.5
    Slime Pits |   2.1 |   2.1 |   0.1 |   1.1 |   0.0 | 116.2
  Orcish Mines |   3.5 |   3.5 |   0.5 |   3.5 |   4.1 | 562.5
   Elven Halls |   5.2 |   5.2 |   0.4 |   1.8 |   4.2 | 559.3
        Vaults |  11.4 |  11.4 |   0.3 |   0.8 |   5.0 | 742.0
        Depths |  13.7 |  13.7 |   0.4 |   1.1 |   2.9 | 887.8
          Hell |   1.1 |   1.1 |   0.6 |   1.7 |   2.5 | 356.0
       Gehenna |   0.4 |   0.4 |   0.0 |   0.0 |   0.0 |  67.0
           Zot |   5.4 |   5.4 |   0.6 |   2.0 |   4.8 | 351.2
         Abyss |  12.3 |  12.4 |   0.0 |   3.4 |   0.0 | 501.2
   Pandemonium |   6.2 |   6.2 |   0.0 |   4.7 |   2.5 | 250.8
      Ziggurat |   2.7 |   2.7 |   0.0 |   2.1 |   0.2 |  79.6
        Bazaar |   0.6 |   0.6 |   0.0 |   0.0 |   2.9 | 102.5
      Ice Cave |   1.4 |   1.4 |   0.0 |   1.7 |   2.1 | 470.0
               +-------+-------+-------+-------+-------+----------------------

Table legend:
 A = Kills in this place as a percentage of kills in entire the game.
 B = Kills by you in this place as a percentage of kills by you in the entire game.
 C = Kills by friends in this place as a percentage of kills by friends in the entire game.
 D = Other kills in this place as a percentage of other kills in the entire game.
 E = Experience gained in this place as a percentage of experience gained in the entire game.
 F = Experience gained in this place divided by the number of levels of this place that you have seen.
                   A       B       C       D       E      F
               +-------+-------+-------+-------+-------+----------------------
         Total | 100.0 | 100.0 |  -nan | 100.0 | 100.0 | 27613.5
       Dungeon |  13.1 |  13.2 |  -nan |   8.2 |   3.6 | 6036.7
          Lair |   8.6 |   8.7 |  -nan |   1.4 |   3.1 | 9684.1
        Shoals |   4.5 |   4.3 |  -nan |  12.3 |   3.9 | 24260.0
     Snake Pit |   4.1 |   4.1 |  -nan |   2.7 |   3.3 | 20741.8
    Slime Pits |   2.3 |   2.3 |  -nan |   1.4 |   2.7 | 11151.8
  Orcish Mines |   4.3 |   4.3 |  -nan |   1.4 |   0.8 | 9586.0
   Elven Halls |   4.3 |   4.2 |  -nan |  11.0 |   5.3 | 44157.7
        Vaults |  13.8 |  13.4 |  -nan |  31.5 |  18.0 | 90327.4
        Depths |  13.0 |  12.9 |  -nan |  21.9 |  19.6 | 98560.4
          Hell |   1.6 |   1.6 |  -nan |   0.0 |   1.7 | 41944.0
       Gehenna |   0.9 |   1.0 |  -nan |   0.0 |   0.8 | 9666.5
           Zot |   4.4 |   4.4 |  -nan |   2.7 |  11.4 | 57075.6
         Abyss |  14.3 |  14.5 |  -nan |   4.1 |  11.7 | 36798.5
   Pandemonium |   6.6 |   6.7 |  -nan |   1.4 |   9.0 | 28285.6
      Ziggurat |   3.0 |   3.1 |  -nan |   0.0 |   4.9 | 11119.9
      Ice Cave |   1.2 |   1.2 |  -nan |   0.0 |   0.5 | 12157.0
               +-------+-------+-------+-------+-------+----------------------
